 Dungeon Crawl Stone Soup version 0.29-a0-870-g2c972031a6 (webtiles) character file.

Game seed: 13371645091037545078

48 spaghetti the Trooper (level 3, 0/42 HPs)
             Began as an Ogre Fighter on July 18, 2022.
             Slain by an ice beast (2 damage)
             ... on level 3 of the Dungeon.
             The game lasted 00:02:58 (2391 turns).

spaghetti the Trooper (Ogre Fighter)                Turns: 2391, Time: 00:02:59

Health: 0/42       AC:  5    Str: 22    XL:     3   Next: 72%
Magic:  3/3        EV:  8    Int:  9    God:
Gold:   96         SH:  7    Dex:  8    Spells: 2/2 levels left

rFire   . . .      SeeInvis .   e - +1 short sword (speed) {short}
rCold   . . .      Faith    +   c - +0 kite shield
rNeg    . . .      Spirit   .   b - +0 robe
rPois   .          Reflect  .   q - +2 hat
rElec   .          Harm     .   (no cloak)
rCorr   .          Rampage  .   (gloves unavailable)
Will    .....                   (boots unavailable)
Stlth   +.........              l - amulet of faith {!P}
HPRegen 0.14/turn               (no ring)
MPRegen 0.08/turn               (no ring)

@: mighty
A: large, unfitting armour, tough skin 1
a: no special abilities


You were on level 3 of the Dungeon.
You visited 1 branch of the dungeon, and saw 3 of its levels.

You collected 96 gold pieces.


Innate Abilities, Weirdness & Mutations

You are too large for most types of armour.
You have tough skin. (AC +1)


   Skills:
 + Level 5.1 Fighting
 + Level 2.8 Maces & Flails
 - Level 2.6 Dodging
 - Level 3.0 Shields


You had 2 spell levels left.
You didn't know any spells.
Your spell library was empty.

Inventory:

Hand Weapons
 a - a +0 flail {mace}
 e - a +1 short sword of speed (weapon) {short}
   (You took it off a kobold on level 1 of the Dungeon)
Missiles
 k - 9 stones (quivered) {throwing}
Armour
 b - a +0 robe (worn)
 c - a +0 kite shield (worn)
 q - a +2 hat (worn)
   (You found it on level 2 of the Dungeon)
Magical Staves
 m - a staff of fire {!astaff}
   (You found it on level 2 of the Dungeon)
Jewellery
 l - an amulet of faith (around neck) {!P}
   (You found it on level 2 of the Dungeon)
Scrolls
 g - 3 scrolls of identify {unknown}
 h - a scroll of amnesia {unknown}
 s - a scroll of vulnerability {unknown}
Potions
 f - a potion of degeneration {unknown}
 j - a potion of berserk rage {unknown}
 n - a potion of magic {unknown}
 o - a potion of mutation {unknown}
 p - a potion of ambrosia {unknown}
 r - a potion of curing {unknown}

Dungeon Overview and Level Annotations

Branches:
Dungeon (3/15) Zot: 15638

Altars:
Xom

Shops:
D:1 ( D:2

!
##################
.................#
################.#
#.# #@# #Y# #.#
#.# #.# #.# ...
#.#


You could see an ice beast.


Message History

No target in view!
No target in view!
No target in view!
No target in view!
No target in view!
No target in view!
No target in view!
No target in view!
You see here a yellow potion.
A kobold is nearby!
A kobold is nearby!
You block the kobold's attack.
You hit the kobold.
You kill the kobold!
No target in view!
No target in view!
No target in view!
No target in view!
No target in view!
No target in view!
No target in view!
No target in view!
No target in view!
No target in view!
No target in view!
No target in view!
No target in view!
r - a yellow potion
k - 9 stones {throwing} (gained 3)
You see here a +0 dagger {short}.
Key pressed, stopping explore.
Key pressed, stopping explore.
There is a stone staircase leading down here.
You see here a +0 short sword {short}.
s - a scroll labelled PEOFE WOAFYRHY You see here a +0 dagger {short}.
You now have 96 gold pieces (gained 10).
You see here a bat skeleton.
Found a stone staircase leading up.
Done exploring.
Done exploring.
Done exploring.
Done exploring.
No target in view!
(D) Dungeon
Where to? (Enter - D:2 @ (x,y), ? - help)
There is a stone staircase leading up here.
There is a stone staircase leading down here.
You climb downwards.
There is a stone staircase leading up here.
Unknown command.
An ice beast comes into view.
An ice beast is nearby!
An ice beast is nearby!
An ice beast is nearby!
The ice beast hits you. The ice beast freezes you! 😮 HP[-12]
You take 12 damage, and now have 30/42 hp.
MASSIVE DAMAGE!! (PAUSE) Unknown command.
Unknown command.
You closely miss the ice beast. You barely miss the ice beast.
The ice beast hits you. The ice beast freezes you!
* * * LOW HITPOINT WARNING * * *
😨 HP[-12]
You take 12 damage, and now have 18/42 hp.
MASSIVE DAMAGE!! (PAUSE) Unknown command.
You aren't carrying any items that you can evoke.
You feel very mighty all of a sudden. The ice beast hits you.
* * * LOW HITPOINT WARNING * * *
The ice beast freezes you!
* * * LOW HITPOINT WARNING * * *
😱 HP[-16]
You take 16 damage, and now have 2/42 hp.
MASSIVE DAMAGE!! (PAUSE) Unknown command.
Okay, then.
Really fire
i - a throwing net {=f!fthrowing}?
An ice beast is nearby!
Throw: throwing net {=f!fthrowing}
Press: ? - help, Shift-Dir - straight line, f - ice beast
Aim: an ice beast (56% to hit)
You throw a throwing net {=f!fthrowing}.
The throwing net {=f!fthrowing} hits the ice beast.
The ice beast is caught in the net!
The ice beast struggles against the net.
You puncture the ice beast!
The ice beast struggles against the net.
You hit the ice beast.
The ice beast struggles against the net.
You hit the ice beast.
The ice beast struggles against the net.
You hit the ice beast.
The ice beast struggles against the net.
The net rips apart, and the ice beast comes free!
You barely miss the ice beast. The ice beast hits you.
You die...

Skill      XL: |  1  2  3 |
---------------+----------+-----
Maces & Flails | 2 |  2.8
Fighting       | 5 |  5.1
Dodging        | |  2.6
Shields        | |  3.0

Action                   || total
-------------------------++-------
Melee: Short sword       ||   246
       Flail             ||     7
Throw: Throwing net      ||     1
  Use: Potion            ||     1
Armor: Robe              ||    92
Dodge: Dodged            ||    79
Block: Kite shield       ||    73

Levels and vault maps discovered:
D:1:      saegor_arrival_simple_d, layout_basic, serial_shops, shop_statue
D:2:      layout_rooms, basic_altar, serial_shops, shop,
          minmay_stone_trees_large
D:3:      layout_basic, amcnicky_altar_gilded,
          hellmonk_ecumenical_altar_zigzags, hangedman_feature_mirror,
          pf_guarded_unrand_delatra, uniq_robin, uniq_terence

Notes
Turn   | Place    | Note
-------+----------+-------------------------------------------
     0 | D:1      | spaghetti the Ogre Fighter began the quest for the Orb.
     0 | D:1      | Reached XP level 1. HP: 24/24 MP: 1/1
     0 | D:1      | magus.rc [v1.9.6]
   117 | D:1      | Reached skill level 2 in Maces & Flails
   301 | D:1      | Reached XP level 2. HP: 23/33 MP: 2/2
   878 | D:1      | Reached XP level 3. HP: 30/41 MP: 3/3
   929 | D:1      | Found Mulerghi's Antique Weapon Emporium.
  1513 | D:1      | Reached skill level 5 in Fighting
  1749 | D:2      | Found a shimmering altar of Xom.
  1935 | D:2      | Found Xuawn's Distillery.
  2379 | D:3      | Noticed an ice beast
  2385 | D:3      | HP: 2/42 [ice beast (13)]
  2391 | D:3      | Slain by an ice beast

Vanquished Creatures
  3 ball pythons
  4 bats
  3 endoplasms
  3 giant cockroaches
  4 goblins (D:1)
  5 hobgoblins
  7 jackals (D:1)
  6 kobolds
  A quokka (D:2)
  2 frilled lizards
  6 rats
44 creatures vanquished.

Table legend:
 A = Non-vault XP
 B = Vault XP
 C = Vault XP percentage of total XP
 D = Non-vault monster count
 E = Vault monster count
 F = Vault count percentage of total count
                 A         B        C        D         E       F
            +---------+---------+-------+---------+---------+-------
      Total |      69 |       0 |   0.0 |      44 |       0 |   0.0
            +---------+---------+-------+---------+---------+-------
        D:1 |      51 |       0 |   0.0 |      31 |       0 |   0.0
        D:2 |      18 |       0 |   0.0 |      13 |       0 |   0.0
            +---------+---------+-------+---------+---------+-------

Illustrated notes

Table legend:
 A = Kills in this place as a percentage of kills in entire the game.
 B = Kills by you in this place as a percentage of kills by you in the entire game.
 C = Kills by friends in this place as a percentage of kills by friends in the entire game.
 D = Other kills in this place as a percentage of other kills in the entire game.
 E = Experience gained in this place as a percentage of experience gained in the entire game.
 F = Experience gained in this place divided by the number of levels of this place that you have seen.
                   A       B       C       D       E      F
               +-------+-------+-------+-------+-------+----------------------
         Total | 100.0 | 100.0 |   N/A |   N/A | 100.0 |  23.0
       Dungeon | 100.0 | 100.0 |   N/A |   N/A | 100.0 |  23.0
               +-------+-------+-------+-------+-------+----------------------

Table legend: (Time is in decaauts)
 A = Elapsed time spent in this place.
 B = Non-inter-level travel time spent in this place.
 C = Inter-level travel time spent in this place.
 D = Time resting spent in this place.
 E = Time spent auto-exploring this place.
 F = Levels seen in this place.
 G = Mean time per level.
                   A        B        C        D        E       F      G
               +--------+--------+--------+--------+--------+-----+--------+
         Total |   2361 |   2304 |     57 |      0 |   1909 |   3 |  787.0 |
       Dungeon |   2361 |   2304 |     57 |      0 |   1909 |   3 |  787.0 |
               +--------+--------+--------+--------+--------+-----+--------+

Top non-repeatable levels by time:
     D:1: 1565 daAuts
     D:2: 767 daAuts
     D:3: 28 daAuts
